 Dungeon Crawl Stone Soup version 0.32-a0-391-gce5c0aab1b (webtiles) character file.

Game seed: 13740426477802011956

4603 adelrune the Skirmisher (level 10, -1/77 HPs)
             Began as a Coglin Hexslinger on Feb 19, 2024.
             Was a Believer of Yredelemnul.
             Slain by an acid dragon (4 damage)
             ... on level 8 of the Dungeon.
             The game lasted 00:24:58 (7159 turns).

adelrune the Skirmisher (Coglin Hexslinger)         Turns: 7159, Time: 00:24:58

Health: -1/77      AC:  1    Str:  8    XL:     10   Next: 42%
Magic:  8/12       EV: 20    Int: 13    God:    Yredelemnul [**....]
Gold:   358        SH:  0    Dex: 21    Spells: 9/11 levels left

rFire   . . .        a - +1 sling {Suthep}
rCold   + . .        f - +0 sling {Rafael}
rNeg    . . .        C - +2 leather armour {rC+}
rPois   .            y - +0 helmet
rElec   .            r - +0 cloak
rCorr   .            v - +1 pair of gloves {infuse}
SInv    .            (no boots)
Will    .....        j - amulet of the acrobat
Stlth   ++           D - +5 ring of evasion
HPRegen 0.32/turn    (no ring)
MPRegen 0.13/turn

%: acrobat, infuse magic (1 MP)
@: weak-willed, weakened, corroded, wreathed by umbra, revved, stiff-legged,
very slow
A: off-hand wielding, slow wielding, warmup strikes, warmup strides
a: Renounce Religion, Light the Black Torch, Recall Undead Harvest, Hurl
Torchlight


You were on level 8 of the Dungeon.
You worshipped Yredelemnul.
Yredelemnul was noncommittal.
You visited 1 branch of the dungeon, and saw 8 of its levels.

You collected 530 gold pieces.
You spent 172 gold pieces at shops.

Inventory:

Hand Weapons
 a - a +1 sling (weapon) {Suthep}
 f - a +0 sling (worn) {Rafael}
Armour
 c - a +0 robe
 r - a +0 cloak (worn)
 v - a +1 pair of gloves of infusion (worn)
 y - a +0 helmet (worn)
 C - a +2 leather armour of cold resistance (worn)
Jewellery
 j - an amulet of the acrobat (around neck)
 B - a ring of fire
 D - a +5 ring of evasion (left grasper)
Wands
 p - a wand of roots (20)
 s - a wand of acid (10)
Scrolls
 b - a scroll of poison
 d - 4 scrolls of identify {unknown}
 e - 11 scrolls of teleportation {unknown}
 g - 2 scrolls of fear {unknown}
 k - a scroll of enchant weapon {unknown}
 m - a scroll of acquirement {unknown}
 q - 2 scrolls of immolation {unknown}
 u - 3 scrolls of summoning {unknown}
 x - a scroll of noise {unknown}
 E - a scroll of amnesia {unknown}
Potions
 h - a potion of brilliance {unknown}
 i - 3 potions of might {unknown}
 l - a potion of degeneration {unknown}
 n - 3 potions of attraction {unknown}
 o - 4 potions of curing {unknown}
 t - a potion of resistance {unknown}
 w - a potion of haste {unknown}
 z - a potion of enlightenment {unknown}
 A - 2 potions of mutation {unknown}


   Skills:
 + Level 6.5 Fighting
 * Level 8.6 Ranged Weapons
 + Level 6.1 Dodging
 - Level 1.0 Spellcasting
 - Level 5.9 Hexes
 - Level 0.8 Fire Magic
 + Level 3.6 Invocations


You had 9 spell levels left.
You knew the following spells:

 Your Spells              Type           Power      Damage    Failure   Level
a - Jinxbite              Hex            32%        N/A       5%          2

Your spell library contained the following spells:

 Spells                   Type           Power      Damage    Failure   Level
 Sigil of Binding         Hex            16%        N/A       11%         3
 Ensorcelled Hibernation  Hex/Ice        16%        N/A       19%         2
 Inner Flame              Hex/Fire       9%         N/A       30%         3
 Cause Fear               Hex            8%         N/A       34%         4
 Apportation              Tloc           0%         N/A       38%         1
 Necrotise                Necr           0%         1d4       38%         1
 Sandblast                Erth           0%         2d4       38%         1
 Sting                    Conj/Alch      0%         1d3       38%         1
 Summon Small Mammal      Summ           0%         N/A       38%         1
 Hailstorm                Conj/Ice       0%         3d5       77%         3
 Passwall                 Erth           0%         N/A       77%         3
 Stone Arrow              Conj/Erth      0%         3d7       77%         3
 Summon Ice Beast         Ice/Summ       0%         N/A       77%         3
 Swiftness                Air            0%         N/A       77%         3
 Dimensional Bullseye     Hex/Tloc       4%         N/A       77%         4
 Flame Wave               Conj/Fire      1%         2d4       98%         4
 Sticky Flame             Fire/Alch      1%         2d4       98%         4
 Brom's Barrelling Bould  Conj/Erth      0%         2d3       99%         4
 Sculpt Simulacrum        Ice/Alch       0%         N/A       100%        6


Dungeon Overview and Level Annotations

Branches:
Dungeon (8/15)             Temple (0/1) D:7
   Lair: D:8-11

Altars:
Ashenzari
Dithmenos
Hepliaklqana
Makhleb
Ru
Vehumet
Yredelemnul
Zin

Shops:
D:3 [

Annotations:
D:7 exclusion: ice statue


Innate Abilities, Weirdness & Mutations

You can wield a second weapon in your off-hand.
It takes a long time for you to wield or remove held weapons.
Your first few attacks do less damage.
Your first movements take longer.


Message History

Your howler monkey zombie closely misses the acid dragon.
Your orc wizard zombie hits the acid dragon but does no damage.
The acid dragon spits acid at you. The splash of acid hits you!!
* * * LOW HITPOINT WARNING * * *
The acid corrodes you!
Fire: a) +1 sling {Suthep}
Press: ? - help, Q - select action, (/) - cycle Shift-Dir - straight line, f/p - acid dragon
Aim: an acid dragon (lightly wounded, catching its breath, ally target, umbra, 68% to hit)
You shoot a sling bullet.
The sling bullet hits the acid dragon but does no damage.
The acid dragon is lightly wounded.
You shoot a sling bullet.
The sling bullet hits the acid dragon but does no damage.
The acid dragon is lightly wounded.
Your howler monkey zombie barely misses the acid dragon.
Your orc wizard zombie barely misses the acid dragon.
The gnoll bouda hits you with a +0 whip of holy wrath!
* * * LOW HITPOINT WARNING * * *
The acid dragon closely misses you. The acid dragon completely misses you.
Your steam dragon zombie bites the gnoll bouda!
Your steam dragon zombie claws the gnoll bouda.
Fire: a) +1 sling {Suthep}
Press: ? - help, Q - select action, (/) - cycle Shift-Dir - straight line, f/p - acid dragon
Aim: an acid dragon (lightly wounded, catching its breath, ally target, umbra, 68% to hit)
You shoot a sling bullet.
The sling bullet hits the acid dragon but does no damage.
The acid dragon is lightly wounded.
You shoot a sling bullet.
The sling bullet hits the acid dragon but does no damage.
The acid dragon is lightly wounded.
Your howler monkey zombie barely misses the acid dragon.
Your howler monkey zombie hits the gnoll bouda.
The gnoll bouda dies!
Their soul becomes fuel for the torch.
The dead are walking!
The acid dragon bites you but does no damage.
The acid dragon claws you.
You die...
Your body rises from the dead as a mindless zombie.

..#...#...#....# ##..............
.##.......#....#####.........#.##
.####._.###......(...#########...
.##.......#..$.......... ####
..#.†.#...#.##.......... ...
..#Z..#...#.##^......... ...
..'#######'.##Z.ZZ...... ...
.....# #........Z)...... ...
###### ######...@....... ###
##...DZ..... #...Z......
#.......... #######.### .# #


You could see an acid dragon (catching breath, ally target), a friendly steam
dragon zombie, a friendly gnoll zombie, a friendly gnoll bouda zombie, a
friendly orc wizard zombie and 2 friendly howler monkey zombies.

Vanquished Creatures
  Jeremiah (D:8)
  Psyche (D:8)
  Grinder (D:6)
  A wyvern (D:7)
  4 yaks (D:7)
  A steam dragon (D:8)
  A water moccasin (D:7)
  A black bear (D:4)
  A centaur (D:8)
  A kobold brigand (D:6)
  2 bullfrogs (D:7)
  A scorpion (D:4)
  9 wights
  3 howler monkeys (D:8)
  An electric eel (D:6)
  A bombardier beetle (D:5)
  3 jellies
  An orc priest (D:3)
  2 sleepcaps (D:4)
  Terence (D:2)
  3 orc wizards
  Ijyb (D:3)
  5 gnolls
  9 adders
  A white imp (D:8)
  2 ufetubi (D:6)
  A ribbon worm (D:2)
  4 dart slugs
  13 orcs
  A bat zombie (D:3)
  7 endoplasms
  5 giant cockroaches
  7 goblins
  6 hobgoblins
  A human zombie (D:2)
  A quokka (D:2)
  5 ball pythons
  8 bats
  2 frilled lizards
  A goblin zombie (D:3)
  8 kobolds
  An orc zombie (D:6)
  11 rats
140 creatures vanquished.

Vanquished Creatures (collateral kills)
  A yak (D:7)
  A water moccasin (D:7)
  An ogre (D:5)
  2 centaurs
  A phantom (D:5)
  A bullfrog (D:8)
  A gnoll sergeant (D:7)
  A scorpion (D:5)
  A wight (D:8)
  3 killer bees (D:8)
  5 howler monkeys
  A bombardier beetle (D:4)
  A gnoll bouda (D:8)
  A hound (D:6)
  2 adders
  2 gnolls
  A ribbon worm (D:5)
  An endoplasm (D:3)
  A goblin (D:4)
  A ball python (D:3)
  A bat (D:3)
30 creatures vanquished.

Vanquished Creatures (others)
  A spectral shadow imp (D:6)
  A water moccasin zombie (D:7)
  A human zombie (D:8)
  2 yak zombies (D:7)
  2 bullfrog zombies (D:7)
  2 killer bee zombies (D:8)
  A howler monkey zombie (D:7)
  A ribbon worm zombie (D:2)
  An adder zombie (D:4)
  A jelly zombie (D:7)
  2 bat zombies (D:3)
  A ball python zombie (D:3)
  A dart slug zombie (D:4)
  An endoplasm zombie (D:4)
  A giant cockroach zombie (D:4)
  4 orc zombies
  A quokka zombie (D:2)
  A rat zombie (D:3)
25 creatures vanquished.

Grand Total: 195 creatures vanquished

Notes
Turn   | Place    | Note
-------+----------+-------------------------------------------
     0 | D:1      | adelrune the Coglin Hexslinger began the quest for the Orb.
     0 | D:1      | Reached XP level 1. HP: 15/15 MP: 2/2
   100 | D:1      | Reached skill level 2 in Ranged Weapons
   102 | D:1      | Reached XP level 2. HP: 21/21 MP: 3/3
   172 | D:1      | Learned a level 2 spell: Jinxbite
   212 | D:1      | Reached XP level 3. HP: 26/26 MP: 4/4
   901 | D:2      | Found a basalt altar of Yredelemnul.
   923 | D:2      | Reached XP level 4. HP: 28/33 MP: 5/5
   951 | D:2      | Became a worshipper of Yredelemnul the Fallen
  1044 | D:2      | Noticed Terence
  1056 | D:2      | Killed Terence
  1057 | D:2      | Reached skill level 3 in Ranged Weapons
  1184 | D:2      | Your ally Terence died
  1195 | D:2      | Reached XP level 5. HP: 31/38 MP: 6/6
  1642 | D:3      | Reached * piety under Yredelemnul
  1668 | D:3      | Reached XP level 6. HP: 20/46 MP: 7/7
  1793 | D:3      | Found a broken altar of Ashenzari.
  1802 | D:3      | Noticed Ijyb
  1808 | D:3      | Killed Ijyb
  1946 | D:3      | Found Qekamah's Antique Armour Boutique.
  2110 | D:3      | Found a burning altar of Makhleb.
  2113 | D:3      | Found a glowing silver altar of Zin.
  2113 | D:3      | Noticed an angel
  2114 | D:3      | Noticed a blizzard demon
  2333 | D:4      | Reached skill level 4 in Ranged Weapons
  2399 | D:4      | Noticed a black bear
  2411 | D:4      | Killed a black bear
  2493 | D:4      | Reached XP level 7. HP: 52/52 MP: 5/8
  3027 | D:4      | Identified the +0 flail of Doar {pain, rC+ rN++ Will+
                  | Int+2}
  3269 | D:3      | Bought a pair of glowing gloves for 172 gold pieces
  3304 | D:5      | Entered Level 5 of the Dungeon
  3371 | D:5      | Reached ** piety under Yredelemnul
  3398 | D:5      | Reached skill level 5 in Ranged Weapons
  3981 | D:5      | Found a hazy altar of Hepliaklqana.
  3983 | D:5      | Found a shadowy altar of Dithmenos.
  3984 | D:5      | Noticed a shadow
  4014 | D:6      | Reached XP level 8. HP: 60/60 MP: 9/9
  4096 | D:6      | Noticed Grinder
  4101 | D:6      | Paralysed by Grinder for 2 turns
  4103 | D:6      | Killed Grinder
  4158 | D:6      | Your ally Grinder died
  4161 | D:6      | Reached skill level 6 in Ranged Weapons
  5363 | D:7      | Reached skill level 5 in Hexes
  5363 | D:7      | Reached skill level 1 in Invocations
  5397 | D:7      | Reached XP level 9. HP: 67/67 MP: 7/10
  5419 | D:7      | Found a staircase to the Ecumenical Temple.
  5467 | D:7      | Reached skill level 5 in Fighting
  5514 | D:7      | Reached skill level 5 in Dodging
  5516 | D:7      | Reached skill level 7 in Ranged Weapons
  5801 | D:7      | Noticed an ice statue
  6388 | D:8      | Reached XP level 10. HP: 76/76 MP: 12/12
  6414 | D:8      | Reached skill level 8 in Ranged Weapons
  6432 | D:8      | Noticed Jeremiah
  6544 | D:8      | Found a radiant altar of Vehumet.
  6602 | D:8      | Noticed Psyche
  6644 | D:8      | Killed Psyche
  6656 | D:8      | Your ally Psyche died
  6684 | D:8      | Killed Jeremiah
  7104 | D:8      | Found a sacrificial altar of Ru.
  7158 | D:8      | HP: 3/77 [gnoll bouda/+0 whip of holy wrath (13)]
  7159 | D:8      | Slain by an acid dragon

Illustrated notes

Levels and vault maps discovered:
D:1:      lightli_arrival_chessboard, layout_basic
D:2:      layout_basic, basic_altar, chequers_serial_rivers_micro_c,
          uniq_terence
D:3:      layout_rooms, grunt_temple_overflow_order_and_chaos_2,
          evilmike_ruin_ashenzari, serial_shops, nicolae_shop_trees,
          eino_curves_03, uniq_ijyb
D:4:      layout_loops_ring, minmay_small_thing
D:5:      layout_cave_pools, riverfiend_overflow_shadow_ancestor
D:6:      layout_basic, kennysheep_cross_room, serial_bayou_pond_b, uniq_grinder
D:7:      lemuel_ice_statue, layout_rooms, minmay_temple_entry_waves
D:8:      layout_basic, nicolae_ru_great_annihilating_truth,
          nicolae_vehumet_radiance, uniq_jeremiah, uniq_psyche, uniq_erica

Skill      XL: |  1  2  3  4  5  6  7  8  9 10 |
---------------+-------------------------------+-----
Ranged Weapons | 2 3 4 5 6 7 8 |  8.6
Dodging        | 2 3 4 5 6 |  6.1
Hexes          | 3 4 5 |  5.9
Fighting       | 2 3 4 5 6 |  6.5
Invocations    | 1 2 3 |  3.6
Spellcasting   | |  1.0
Fire Magic     | |  0.8

Action                     |  1- 3 |  4- 6 |  7- 9 | 10-12 || total
---------------------------+-------+-------+-------+-------++-------
  Melee: Unarmed           |       |       |       |     2 ||     2
   Fire: Sling             |   133 |   258 |   464 |   114 ||   969
   Cast: Jinxbite          |     2 |    10 |    26 |     7 ||    45
 Invoke: Light the Black T |       |     3 |     4 |       ||     7
         Hurl Torchlight   |       |       |     2 |     4 ||     6
 Armour: Robe              |    14 |    24 |    10 |       ||    48
         Leather armour    |       |       |    52 |    22 ||    74
         Skin              |       |       |       |     1 ||     1
  Dodge: Dodged            |    16 |    51 |   107 |    38 ||   212

Table legend: (Time is in decaauts)
 A = Elapsed time spent in this place.
 B = Non-inter-level travel time spent in this place.
 C = Inter-level travel time spent in this place.
 D = Time resting spent in this place.
 E = Time spent auto-exploring this place.
 F = Levels seen in this place.
 G = Mean time per level.
                   A        B        C        D        E       F      G
               +--------+--------+--------+--------+--------+-----+--------+
         Total |   7456 |   7252 |    204 |   1578 |   4279 |   8 |  932.0 |
       Dungeon |   7456 |   7252 |    204 |   1578 |   4279 |   8 |  932.0 |
               +--------+--------+--------+--------+--------+-----+--------+

Top non-repeatable levels by time:
     D:6: 1386 daAuts
     D:7: 1052 daAuts
     D:4: 1050 daAuts
     D:1: 953 daAuts
     D:8: 819 daAuts
     D:3: 765 daAuts
     D:5: 732 daAuts
     D:2: 696 daAuts
